 Dungeon Crawl Stone Soup version 0.25-a0-1024-gbfbf38f2cb (webtiles) character file.

Game seed: 13884113211539526669, levelgen mode: deterministic

86 Flugslaktarn the Skirmisher (level 4, -1/49 HPs)
             Began as an Ogre Fighter on May 12, 2020.
             Slain by Crazy Yiuf
             ... wielding a +4 quarterstaff of chaos
              (4 damage)
             ... on level 2 of the Dungeon.
             The game lasted 00:00:50 (2399 turns).

Flugslaktarn the Skirmisher (Ogre Fighter)          Turns: 2399, Time: 00:00:51

Health: -1/49      AC:  3    Str: 20    XL:     4   Next: 49%
Magic:  4/4        EV:  8    Int:  9    God:
Gold:   74         SH:  8    Dex:  9    Spells: 3/3 levels left

rFire    . . .     SeeInvis .   a - +0 war axe
rCold    . . .     Gourm    .   c - +0 kite shield
rNeg     . . .     Faith    .   b - +0 robe
rPois    .         Spirit   .   (helmet restricted)
rElec    .         Reflect  .   (no cloak)
rCorr    .         Harm     .   (gloves unavailable)
MR       .....                  (boots unavailable)
Stlth    +.........             (no amulet)
HPRegen  0.16/turn              (no ring)
MPRegen  0.09/turn              (no ring)

@: slowed, very slow
A: large, unfitting armour, tough skin 1
a: no special abilities


You were on level 2 of the Dungeon.
You were not hungry.

You visited 1 branch of the dungeon, and saw 2 of its levels.

You collected 74 gold pieces.

Inventory:

Hand Weapons
 a - a +0 war axe (weapon)
Armour
 b - a +0 robe (worn)
 c - a +0 kite shield (worn)
Scrolls
 g - a scroll of immolation {unknown}
 h - 4 scrolls of remove curse {unknown}
 j - 5 scrolls of teleportation {unknown}
 n - 3 scrolls of identify {unknown}
 o - a scroll of blinking {unknown}
 r - a scroll of random uselessness {unknown}
Potions
 d - a potion of might
 i - a potion of cancellation {unknown}
 k - a potion of brilliance {unknown}
 l - a potion of degeneration {unknown}
 m - 3 potions of curing {unknown}
 p - a potion of magic {unknown}
 q - a potion of flight {unknown}
Comestibles
 e - 4 rations


   Skills:
 + Level 4.7 Fighting
 * Level 3.2 Axes
 + Level 3.1 Dodging
 + Level 3.2 Shields


You had 3 spell levels left.
You didn't know any spells.
Your spell library was empty.

Dungeon Overview and Level Annotations

Branches:
Dungeon (2/15)

Altars:

Annotations:
D:2 Crazy Yiuf


Innate Abilities, Weirdness & Mutations

You are too large for most types of armour.
You have tough skin. (AC +1)


Message History

Crazy Yiuf is lightly wounded.
Crazy Yiuf barely misses you.
Crazy Yiuf hits you with a +4 quarterstaff of chaos!
You hit Crazy Yiuf.
Crazy Yiuf is lightly wounded.
You block Crazy Yiuf's attack. Crazy Yiuf barely misses you.
You closely miss Crazy Yiuf.
Crazy Yiuf is lightly wounded.
Crazy Yiuf hits you with a +4 quarterstaff of chaos!
* * * LOW HITPOINT WARNING * * *
Crazy Yiuf closely misses you.
You are too injured to fight recklessly!
You are too injured to fight recklessly!
You are too injured to fight recklessly!
You hit Crazy Yiuf.
Crazy Yiuf is lightly wounded.
Crazy Yiuf hits you with a +4 quarterstaff of chaos!
* * * LOW HITPOINT WARNING * * *
Crazy Yiuf freezes you.
You die...

#.# #....# #.#
♣.P.P♣ #.# ♣.P.♣♣
#.# ♣♣.♣♣
##########.# ♣.♣♣
...........# ♣♣.♣
...######### ♣.♣♣
##.# ♣♣.♣ #.# #@#
#.####### #.g.#
#.......# #...#
#######.# #..)# #.#
##### #.#
#.######### ###
#.......#.##
..#######.........#


You could see Crazy Yiuf.

Vanquished Creatures
  Terence (D:2)
  An adder (D:2)
  2 worms (D:2)
  3 dart slugs
  A leopard gecko (D:1)
  2 giant cockroaches
  4 goblins
  5 hobgoblins
  A jackal (D:2)
  4 bats
  3 frilled lizards (D:1)
  8 kobolds
  6 rats
41 creatures vanquished.

Notes
Turn   | Place    | Note
-------+----------+-------------------------------------------
     0 | D:1      | Flugslaktarn the Ogre Fighter began the quest for the Orb.
     0 | D:1      | Reached XP level 1. HP: 24/24 MP: 1/1
   189 | D:1      | Reached XP level 2. HP: 18/32 MP: 2/2
   774 | D:1      | Reached XP level 3. HP: 40/40 MP: 3/3
  1353 | D:2      | Noticed Terence
  1357 | D:2      | Killed Terence
  1357 | D:2      | Reached XP level 4. HP: 48/49 MP: 4/4
  2137 | D:2      | Found a runed translucent door.
  2138 | D:2      | Noticed Crazy Yiuf
  2399 | D:2      | Slain by Crazy Yiuf

Illustrated notes

Levels and vault maps discovered:
D:1:      dpeg_arrival_simpleton_b, layout_loops_ring, minmay_indecisive_spiral
D:2:      layout_loops_ring, first_ration, st_stairs_1, uniq_terence,
          uniq_crazy_yiuf_cottage

Skill      XL: |  1  2  3 |
---------------+----------+-----
Dodging        | 3 |  3.1
Shields        | 3 |  3.2
Axes           | 3 |  3.2
Fighting       | |  4.7

Action                   |  1- 3 |  4- 6 || total
-------------------------+-------+-------++-------
Melee: War axe           |    81 |    67 ||   148
 Stab: Sleeping          |       |     1 ||     1
  Eat: Chunk             |     1 |     4 ||     5
Armor: Robe              |    16 |    17 ||    33
Dodge: Dodged            |    31 |    16 ||    47
Block: Kite shield       |    39 |    29 ||    68

Table legend:
 A = Non-vault XP
 B = Vault XP
 C = Vault XP percentage of total XP
 D = Non-vault monster count
 E = Vault monster count
 F = Vault count percentage of total count
                 A         B        C        D         E       F
            +---------+---------+-------+---------+---------+-------
      Total |      77 |      46 |  37.4 |      33 |       8 |  19.5
            +---------+---------+-------+---------+---------+-------
        D:1 |      31 |       6 |  16.2 |      19 |       4 |  17.4
        D:2 |      46 |      40 |  46.5 |      14 |       4 |  22.2
            +---------+---------+-------+---------+---------+-------
